 Dungeon Crawl Stone Soup version 0.28.0-43-g3370ac3207 (webtiles) character file.

Game seed: 9204168218196732760

98 jimonade the Bolt Thrower (level 4, -9/41 HPs)
             Began as a Gnoll Wanderer on Mar 17, 2022.
             Engulfed by a cloud of flame (23 damage)
             ... on level 2 of the Dungeon.
             The game lasted 00:03:57 (1288 turns).

jimonade the Bolt Thrower (Gnoll Wanderer)          Turns: 1288, Time: 00:03:57

Health: -9/41      AC:  4    Str: 12    XL:     4   Next: 69%
Magic:  5/5        EV: 12    Int:  9    God:
Gold:   68         SH:  0    Dex: 15    Spells: 5/5 levels left

rFire   . . .      SeeInvis .   a - +3 hand crossbow
rCold   . . .      Faith    .   (no shield)
rNeg    . . .      Spirit   .   d - +0 leather armour
rPois   .          Reflect  .   (no helmet)
rElec   .          Harm     .   t - +0 cloak
rCorr   .          Rampage  .   (no gloves)
Will    .....                   (no boots)
Stlth   ++........              p - amulet of magic regeneration
HPRegen 0.13/turn               (no ring)
MPRegen 0.49/turn               (no ring)

@: no status effects
A: fangs 1, strong nose, distributed training
a: no special abilities


You were on level 2 of the Dungeon.
You visited 1 branch of the dungeon, and saw 2 of its levels.

You collected 68 gold pieces.

Inventory:

Hand Weapons
 a - a +3 hand crossbow (weapon)
 g - a +0 shortbow
 h - a +0 spear
Missiles
 b - 52 bolts (quivered ammo)
 f - 48 sling bullets
 i - 32 arrows
 l - 29 stones
Armour
 d - a +0 leather armour (worn)
 t - a +0 cloak (worn)
Jewellery
 e - a ring of see invisible
 p - an amulet of magic regeneration (around neck)
Scrolls
 c - 2 scrolls of teleportation
 j - a scroll of summoning {unknown}
 n - a scroll of magic mapping {unknown}
 o - a scroll of fear {unknown}
 q - a scroll of fog {unknown}
 r - 3 scrolls of blinking {unknown}
Potions
 k - a potion of brilliance
 m - a potion of heal wounds
 s - a potion of attraction
 u - a potion of curing {unknown}


   Skills:
 + Level 6.6 Fighting
 + Level 1.2 Short Blades
 + Level 1.2 Long Blades
 + Level 1.2 Axes
 + Level 1.2 Maces & Flails
 + Level 1.2 Polearms
 + Level 1.2 Staves
 + Level 1.2 Slings
 + Level 1.2 Bows
 + Level 6.6 Crossbows
 + Level 2.8 Throwing
 + Level 1.2 Armour
 + Level 2.8 Dodging
 + Level 1.2 Stealth
 + Level 1.2 Shields
 + Level 2.8 Unarmed Combat
 + Level 1.2 Spellcasting
 + Level 1.0 Conjurations
 + Level 1.0 Hexes
 + Level 1.0 Summonings
 + Level 1.0 Necromancy
 + Level 1.0 Translocations
 + Level 1.0 Transmutations
 + Level 1.0 Fire Magic
 + Level 1.0 Ice Magic
 + Level 1.0 Air Magic
 + Level 1.0 Earth Magic
 + Level 1.0 Poison Magic
 + Level 1.3 Invocations
 + Level 2.8 Evocations


You had 5 spell levels left.
You didn't know any spells.
Your spell library was empty.

Dungeon Overview and Level Annotations

Branches:
Dungeon (2/15)

Altars:


Innate Abilities, Weirdness & Mutations

You have very sharp teeth.
Your uncanny sense of smell can sniff out nearby items.
Your experience applies equally to all skills.


Message History

The bolt barely misses the ball python.
You shoot a bolt. The bolt hits the frilled lizard!
You kill the frilled lizard!
You shoot a bolt. The bolt hits the bat!
You kill the bat!
You shoot a bolt. The bolt hits the ball python!
You kill the ball python!
No target in view!
b - 49 bolts (gained 1)
b - 50 bolts (gained 1)
b - 51 bolts (gained 1)
You see here a frilled lizard corpse.
b - 52 bolts (gained 1);
e - a ring of see invisible;
u - a smoky purple potion You now have 68 gold pieces (gained 18).
Things that are here:
the +4 dagger of Defence by Offence {vorpal, Stlth+}; a goblin corpse
b - 53 bolts (gained 1)
There is an escape hatch in the ceiling here.
A ball python comes into view.
A ball python is nearby!
You shoot a bolt. The bolt hits the ball python!
You kill the ball python!
No target in view!
No target in view!
Found a dagger and a barding.
b - 53 bolts (gained 1)
You see here a ball python corpse.
A goblin comes into view. It is wielding a +0 club.
The goblin shouts!
You shoot a bolt. The bolt hits the goblin.
You kill the goblin!
No target in view!
Really walk into a travel-excluded area?
You are engulfed in blazing flames.
Ouch! That really hurt!
Really walk into that cloud of flame?
Okay, then.
You are engulfed in blazing flames.
Ouch! That really hurt!
You die...

#........#######
#########
#........# #
#........# #
#........# #
#........##########
#
#..............)..#
#
######...#####...##
# #...# #§☼○# #
###.# #@§§# # #.#
#☼§§# # #.#####...#
. #†..§§..)..§ ##
#..☼.......☼§
##.○☼§.?[..§§§.
#####...##### #.§§#


There were no monsters in sight!

Vanquished Creatures
  4 gnolls (D:2)
  An adder (D:2)
  A worm (D:2)
  2 dart slugs
  4 endoplasms
  4 goblins
  2 hobgoblins
  4 kobolds (D:2)
  2 quokkas
  6 ball pythons
  7 bats
  3 frilled lizards (D:2)
  5 rats
45 creatures vanquished.

Vanquished Creatures (others)
  2 fungi (D:2)
  2 plants (D:2)
4 creatures vanquished.

Grand Total: 49 creatures vanquished

Notes
Turn   | Place    | Note
-------+----------+-------------------------------------------
     0 | D:1      | jimonade the Gnoll Wanderer began the quest for the Orb.
     0 | D:1      | jimonade set off with the following items: a +3 hand
                  | crossbow, 24 bolts, a scroll of teleportation, a +0 leather
                  | armour
     0 | D:1      | Reached XP level 1. HP: 23/23 MP: 1/1
   293 | D:1      | Reached XP level 2. HP: 29/29 MP: 2/2
   740 | D:2      | Reached XP level 3. HP: 35/35 MP: 3/3
   778 | D:2      | Reached skill level 1 in Invocations
   780 | D:2      | Reached skill level 1 in Short Blades
   780 | D:2      | Reached skill level 1 in Long Blades
   780 | D:2      | Reached skill level 1 in Axes
   780 | D:2      | Reached skill level 1 in Maces & Flails
   780 | D:2      | Reached skill level 1 in Polearms
   780 | D:2      | Reached skill level 1 in Staves
   780 | D:2      | Reached skill level 1 in Slings
   780 | D:2      | Reached skill level 1 in Bows
   780 | D:2      | Reached skill level 1 in Armour
   780 | D:2      | Reached skill level 1 in Stealth
   780 | D:2      | Reached skill level 1 in Shields
   780 | D:2      | Reached skill level 1 in Spellcasting
   780 | D:2      | Reached XP level 4. HP: 41/41 MP: 3/5
   881 | D:2      | Found a faded altar of an unknown god.
   928 | D:2      | Reached skill level 1 in Conjurations
   928 | D:2      | Reached skill level 1 in Hexes
   928 | D:2      | Reached skill level 1 in Summonings
   928 | D:2      | Reached skill level 1 in Necromancy
   928 | D:2      | Reached skill level 1 in Translocations
   928 | D:2      | Reached skill level 1 in Transmutations
   928 | D:2      | Reached skill level 1 in Fire Magic
   928 | D:2      | Reached skill level 1 in Ice Magic
   928 | D:2      | Reached skill level 1 in Air Magic
   928 | D:2      | Reached skill level 1 in Earth Magic
   928 | D:2      | Reached skill level 1 in Poison Magic
  1208 | D:2      | Identified the +4 dagger of Defence by Offence {vorpal,
                  | Stlth+}
  1288 | D:2      | Engulfed by a cloud of flame

Illustrated notes

Levels and vault maps discovered:
D:1:      psy_arrival_radial01, layout_rooms
D:2:      layout_basic, shapermc_ecumenical_altar_acropolis, lemuel_flame_loot_1

Skill      XL: |  1  2  3  4 |
---------------+-------------+-----
Invocations    | 1 |  1.3
Short Blades   | 1 |  1.2
Long Blades    | 1 |  1.2
Axes           | 1 |  1.2
Maces & Flails | 1 |  1.2
Polearms       | 1 |  1.2
Staves         | 1 |  1.2
Slings         | 1 |  1.2
Bows           | 1 |  1.2
Armour         | 1 |  1.2
Stealth        | 1 |  1.2
Shields        | 1 |  1.2
Spellcasting   | 1 |  1.2
Conjurations   | 1 |  1.0
Hexes          | 1 |  1.0
Summonings     | 1 |  1.0
Necromancy     | 1 |  1.0
Translocations | 1 |  1.0
Transmutations | 1 |  1.0
Fire Magic     | 1 |  1.0
Ice Magic      | 1 |  1.0
Air Magic      | 1 |  1.0
Earth Magic    | 1 |  1.0
Poison Magic   | 1 |  1.0
Fighting       | |  6.6
Crossbows      | |  6.6
Throwing       | |  2.8
Dodging        | |  2.8
Unarmed Combat | |  2.8
Evocations     | |  2.8

Action                   |  1- 3 |  4- 6 || total
-------------------------+-------+-------++-------
 Fire: Hand crossbow     |    43 |    42 ||    85
  Use: Scroll            |       |     3 ||     3
Armor: Leather armour    |     2 |       ||     2
Dodge: Dodged            |     6 |     6 ||    12
